 Dungeon Crawl Stone Soup version 0.30-a0-137-gd8773701ce (webtiles) character file.

Game seed: 10549371773856931357

20 tromp the Vexing (level 3, 20/20 HPs)
             Began as a Kobold Hexslinger on Sept 21, 2022.
             Quit the game on level 1 of the Dungeon.
             The game lasted 00:11:35 (447 turns).

tromp the Vexing (Kobold Hexslinger)                 Turns: 447, Time: 00:11:36

Health: 20/20      AC:  3    Str:  7    XL:     3   Next: 0%
Magic:  4/4        EV: 15    Int: 14    God:
Gold:   47         SH:  0    Dex: 17    Spells: 3/4 levels left

rFire   . . .      SeeInvis .    d - +1 sling (flame)
rCold   . . .      Faith    .    (no shield)
rNeg    . . .      Spirit   .    c - +1 robe
rPois   .          Reflect  .    (no helmet)
rElec   .          Harm     .    (no cloak)
rCorr   .          Rampage  .    (no gloves)
Will    .....                    (no boots)
Stlth   +++.......               (no amulet)
HPRegen 0.06/turn                (no ring)
MPRegen 0.09/turn                (no ring)

@: no status effects
A: small, no large weapons, nightstalker 3
a: no special abilities


You were on level 1 of the Dungeon.
You visited 1 branch of the dungeon, and saw 1 of its levels.

You collected 47 gold pieces.

Inventory:

Hand Weapons
 a - a +1 sling
 d - a +1 sling of flaming (weapon)
Missiles
 j - 7 stones
Armour
 c - a +1 robe (worn)
 g - a +0 robe
Scrolls
 b - a scroll of poison
 i - a scroll of enchant armour
Potions
 e - a potion of attraction {unknown}
 f - a potion of invisibility {unknown}
 h - a potion of might {unknown}
 k - a potion of lignification {unknown}


   Skills:
 + Level 1.1 Fighting
 + Level 3.2 Ranged Weapons
 + Level 2.4 Dodging
 + Level 1.1 Spellcasting
 + Level 3.7 Hexes


You had 3 spell levels left.
You knew the following spells:

 Your Spells              Type           Power      Damage    Failure   Level
a - Slow                  Hex            44%        N/A       6%          1

Your spell library contained the following spells:

 Spells                   Type           Power      Damage    Failure   Level
 Inner Flame              Hex/Fire       5%         N/A       36%         3
 Portal Projectile        Hex/Tloc       10%        N/A       36%         3
 Call Canine Familiar     Summ           0%         N/A       61%         3
 Cause Fear               Hex            5%         N/A       50%         4
 Leda's Liquefaction      Hex/Erth       2%         N/A       77%         4


Dungeon Overview and Level Annotations

Branches:
Dungeon (1/15)

Altars:


Innate Abilities, Weirdness & Mutations

You are small and have problems with some larger weapons.
You are completely attuned to the shadows.


Message History

The ball python hisses angrily.
Fire: d) +1 sling (flame)
Press: ? - help, Q - select action, (/) - cycle Shift-Dir - straight line, f/p - ball python
Aim: a ball python (53% to hit)
You shoot a sling bullet. The sling bullet hits the ball python.
The sling bullet burns the ball python.
You kill the ball python!
You pick up a book of the Hunter and begin reading...
You add the spells Call Canine Familiar and Leda's Liquefaction to your library.
Okay, then.
k - a metallic yellow potion
j - 7 stones (gained 6)
A bat comes into view.
Aiming: Slow (safe; 6% risk of failure)
Press: ? - help, Q - select action, (/) - cycle Shift-Dir - straight line, f - bat
Aim: a bat (wandering, hasn't noticed you, chance to affect: 67%)
The bat seems to slow down.
Aiming: Slow (safe; 6% risk of failure)
Press: ? - help, Q - select action, (/) - cycle Shift-Dir - straight line, f/p - bat
Aim: a bat (slow, chance to affect: 67%)
The bat struggles to resist.
The bat misses you.
You shoot a sling bullet. The sling bullet hits the bat.
The sling bullet burns the bat.
The bat is severely wounded.
The bat closely misses you.
You shoot a sling bullet. The sling bullet hits the bat!
The sling bullet burns the bat.
You kill the bat!
You have reached level 3!
Your experience leads to an increase in your attributes!
Increase (S)trength, (I)ntelligence, or (D)exterity?
You feel agile. x2
You start resting.
Magic restored.
Found a robe.
You see here a +0 robe.
You see here a hobgoblin corpse.
You see here a hobgoblin corpse.
Are you sure you want to abandon this character and quit the game? (Confirm with "yes".)

....#####....# ###..##.........##
....# #...........##......#####
....# #............'..........#
....# #..........†##......###.#
....##### .........#......# #..
........# #..).....#......# #..
........# #........#......###..
....†...#####........#...........
.........†..†...@....#######.###.
........########.....##### #.# #.
........# #..........# #.# #.
........# #..........# #.###.
........# ............###.##..
........# ...#####............
....##### ... ##............
....# ........†..... ....#
...............


There were no monsters in sight!

Vanquished Creatures
  A dart slug (D:1)
  An endoplasm (D:1)
  A giant cockroach (D:1)
  A goblin (D:1)
  4 hobgoblins (D:1)
  4 ball pythons (D:1)
  2 bats (D:1)
  A frilled lizard (D:1)
  2 rats (D:1)
17 creatures vanquished.

Notes
Turn   | Place    | Note
-------+----------+-------------------------------------------
     0 | D:1      | tromp the Kobold Hexslinger began the quest for the Orb.
     0 | D:1      | Reached XP level 1. HP: 12/12 MP: 2/2
   188 | D:1      | Reached XP level 2. HP: 16/16 MP: 3/3
   372 | D:1      | Reached XP level 3. HP: 20/20 MP: 1/4
   447 | D:1      | Quit the game

Illustrated notes

Levels and vault maps discovered:
D:1:      elethiomel_arrival_quiet, layout_basic

Skill      XL: |  1  2 |
---------------+-------+-----
Ranged Weapons | 3 |  3.2
Fighting       | |  1.1
Dodging        | |  2.4
Spellcasting   | |  1.1
Hexes          | |  3.7

Action                   || total
-------------------------++-------
 Fire: Sling             ||    30
 Cast: Slow              ||     2
  Use: Scroll            ||     2
Armor: Robe              ||     2
Dodge: Dodged            ||     6

Table legend: (Time is in decaauts)
 A = Elapsed time spent in this place.
 B = Non-inter-level travel time spent in this place.
 C = Inter-level travel time spent in this place.
 D = Time resting spent in this place.
 E = Time spent auto-exploring this place.
 F = Levels seen in this place.
 G = Mean time per level.
                   A        B        C        D        E       F      G
               +--------+--------+--------+--------+--------+-----+--------+
         Total |    453 |    453 |      0 |     30 |      0 |   1 |  453.0 |
       Dungeon |    453 |    453 |      0 |     30 |      0 |   1 |  453.0 |
               +--------+--------+--------+--------+--------+-----+--------+

Top non-repeatable levels by time:
     D:1: 453 daAuts
